 Dungeon Crawl Stone Soup version 0.31.0-12-g77e489cdc1 (webtiles) character file.

Game seed: 3924107355135149831

49 Goblin1989 the Sneak (level 3, 0/29 HPs)
             Began as a Demonspawn Delver on Feb 16, 2024.
             Slain by a phantom (2 damage)
             ... on level 3 of the Dungeon.
             The game lasted 00:01:25 (213 turns).

Goblin1989 the Sneak (Demonspawn Delver)             Turns: 213, Time: 00:01:26

Health: 0/29       AC:  3    Str: 14    XL:     3   Next: 51%
Magic:  3/3        EV: 11    Int: 10    God:
Gold:   11         SH:  4    Dex: 14    Spells: 2/2 levels left

rFire   . . .        a - +0 mace
rCold   . . .        (no shield)
rNeg    . . .        b - +0 leather armour
rPois   .            (no helmet)
rElec   .            (no cloak)
rCorr   .            (no gloves)
SInv    .            (no boots)
Will    .....        (no amulet)
Stlth   ++           (no ring)
HPRegen 0.24/turn    (no ring)
MPRegen 0.08/turn

%: no passive effects
@: no status effects
A: condensation shield
a: no special abilities


You were on level 3 of the Dungeon.
You visited 1 branch of the dungeon, and saw 3 of its levels.

You collected 11 gold pieces.

Inventory:

Hand Weapons
 a - a +0 mace (weapon)
Missiles
 h - 6 javelins (quivered) {@Q3}
Armour
 b - a +0 leather armour (worn)
Wands
 g - a wand of digging (3) {@v3}
Scrolls
 c - 2 scrolls of fog
 d - a scroll of revelation
 e - a scroll of fear
Potions
 f - a potion of haste {@q3,}
 i - a potion of ambrosia {unknown}
 j - a potion of curing {unknown}


   Skills:
 - Level 3.0 Fighting
 + Level 3.6 Maces & Flails
 - Level 1.7 Dodging
 - Level 4.5 Stealth


You had 2 spell levels left.
You didn't know any spells.
Your spell library was empty.

Dungeon Overview and Level Annotations

Branches:
Dungeon (5/15) Zot: 17781
 Temple: D:4-7

Altars:

Annotations:
D:5 2 transporters, Skimidon's ghost, weakling HODe


Innate Abilities, Weirdness & Mutations

A meltable shield of frost defends you. (SH +4)


Message History

You barely miss the adder.
The adder is moderately wounded.
The adder bites you. The adder closely misses you.
You take 2 damage, and have 27/29 hp.
You closely miss the adder.
The adder is moderately wounded.
The adder closely misses you.
You hit the adder.
The adder is heavily wounded.
The adder bites you. x2
You are poisoned.
The adder poisons you!
You take 5 damage, and have 22/29 hp.
You hit the adder.
You kill the adder!
You feel sick.
You take 2 damage, and have 20/29 hp.
You feel sick.
You see here an adder corpse.
You take 1 damage, and have 19/29 hp.
You feel sick.
You take 1 damage, and have 18/29 hp.
You start resting.
You feel sick. x3
You are no longer poisoned.
You take 2 damage, and have 16/29 hp.
You start resting.
HP restored.
Health restored: 29 You open the door.
Found a sedimented white potion.
There is an open door here.
An endoplasm comes into view.
Found a bubbling cyan potion.
The endoplasm quivers.
You block the endoplasm's attack.
You hit the endoplasm.
You kill the endoplasm!
i - a sedimented white potion An endoplasm comes into view.
You see here a bubbling cyan potion.
A kobold comes into view. It is wielding a +0 club.
You see here a bubbling cyan potion.
j - a bubbling cyan potion
Found a stone staircase leading up.
A phantom comes into view.
The helpless endoplasm fails to defend itself.
You sock the endoplasm!
You kill the endoplasm!
A goblin comes into view. It is wielding a +3 dagger.
Found a scroll labelled XOTHOC DYWO and a ring mail.
Found an escape hatch in the floor.
The phantom closely misses you. The phantom hits you.
There is a stone staircase leading up here.
You take 4 damage, and have 25/29 hp.
You closely miss the phantom.
The goblin shouts!
The phantom hits you.
The phantom blinks!
You blink.
There is a stone staircase leading up here.
The goblin hits you with a +3 dagger. The phantom closely misses you.
You climb upwards.
There is a stone staircase leading down here.
You take 2 damage, and have 24/29 hp.
The phantom hits you but does no damage.
The goblin attacks as it pursues you! The goblin hits you with a +3 dagger.
You take 4 damage, and have 21/29 hp.
You barely miss the goblin. The goblin hits you with a +3 dagger.
You take 4 damage, and have 17/29 hp.
You barely miss the goblin. The goblin hits you with a +3 dagger.
You take 2 damage, and have 15/29 hp.
You hit the goblin but do no damage. The goblin hits you with a +3 dagger.
You take 1 damage, and have 14/29 hp.
You thump the goblin!
You kill the goblin!
The phantom barely misses you.
You hit the phantom but do no damage. The phantom hits you.
* * * LOW HITPOINT WARNING * * *
The phantom blinks!
You blink.
Found 16 gold pieces.
You take 3 damage, and have 11/29 hp.
The phantom attacks as it pursues you! The phantom hits you.
* * * LOW HITPOINT WARNING * * *
You take 4 damage, and have 9/29 hp.
The phantom attacks as it pursues you! The phantom hits you.
* * * LOW HITPOINT WARNING * * *
You take 3 damage, and have 7/29 hp.
The phantom attacks as it pursues you! The phantom barely misses you.
The phantom attacks as it pursues you! The phantom hits you.
* * * LOW HITPOINT WARNING * * *
You take 2 damage, and have 5/29 hp.
The phantom attacks as it pursues you! The phantom hits you.
* * * LOW HITPOINT WARNING * * *
You take 4 damage, and have 1/29 hp.
You miss the phantom. The phantom closely misses you.
You closely miss the phantom. The phantom completely misses you.
You hit the phantom.
The phantom is lightly damaged.
The phantom completely misses you.
You hit the phantom but do no damage.
The phantom is lightly damaged.
The phantom hits you.
You die...

███ ..█ █.█
█.█
.██████.███
........W.█
██████@█.█
█.█.█ █.█.█
..█.█ ███.█
██.██ █...█
█...█ █...█


You could see a phantom.

Vanquished Creatures
  A howler monkey (D:5)
  An adder (D:4)
  2 endoplasms (D:4)
  A goblin (D:3)
5 creatures vanquished.

Notes
Turn   | Place    | Note
-------+----------+-------------------------------------------
     0 | D:5      | Goblin1989 the Demonspawn Delver began the quest for the
                  | Orb.
     0 | D:5      | Reached XP level 1. HP: 18/18 MP: 1/1
     0 | D:5      | Found a transporter.
     3 | D:5      | Noticed Skimidon's ghost (weakling HODe)
    11 | D:5      | Noticed a howler monkey
    27 | D:5      | Killed a howler monkey
    28 | D:5      | Gained mutation: A meltable shield of frost defends you.
                  | (SH +4) [demonic ancestry]
    28 | D:5      | Reached XP level 2. HP: 18/24 MP: 2/2
    28 | D:5      | Reached XP level 3. HP: 22/29 MP: 3/3
    35 | D:5      | Found a transporter.
   174 | D:4      | Noticed a phantom
   208 | D:3      | HP: 1/29 [phantom (4)]
   213 | D:3      | Slain by a phantom

Illustrated notes

Levels and vault maps discovered:
D:3:      layout_loops_corners, mainiacjoe_overflow_divided_tiny, serial_glass,
          glass_columns_a, glass_columns_c, gammafunk_ghost_cemetery,
          kennysheep_generic_room_13
D:4:      layout_basic
D:5:      layout_layer_cave, mainiacjoe_overflow_alcove_1,
          gammafunk_ghost_mausoleum, nicolae_wormholes

Skill      XL: |  1 |
---------------+----+-----
Maces & Flails | 3 |  3.6
Fighting       | |  3.0
Dodging        | |  1.7
Stealth        | |  4.5

Action                     || total
---------------------------++-------
  Melee: Mace              ||    22
   Stab: Sleeping          ||     1
 Armour: Leather armour    ||    21
  Dodge: Dodged            ||    14
  Block: Other             ||     1
